AoeStats
← ME_DEPRIME_JUGAR_CON_USTEDES

African Clearing

505828083Analyzed
4v4 RM · 21d ago on Sep 11, 2026· 56m 3s· 8 players
Game mode
Random Map
Map size
Large (8 player)
Population
200
Speed
Normal
Resources
Standard
Victory
Conquest
Starting age
Dark Age
Ending age
Imperial Age
RankedLock teamsTeams togetherTeam positionsShared explorationLock speedFull tech treeHidden civsTurbo modeCheats
Victory
Defeat
1701
+15
🇲🇽 Wu · Mexico
1669
+17
🇧🇷 Bengalis · Brazil
1659
+17
1521
+22
🇭🇰 Bohemians · Hong Kong SAR China
1741
-20
🇨🇳 Italians · China
1726
-20
🇹🇼 Inca · Taiwan
1690
-18
🇹🇼 Celts · Taiwan
1561
-13
爱人跟人走
6:45 Loom
29:58 Feudal Age
33:33 Castle Age
32:12 Double-Bit Axe
34:48 Bow Saw
BøM_antihack.exe
10:59 Loom
14:20 Feudal Age
14:56 Double-Bit Axe
17:59 Castle Age
18:53 Bow Saw
20:16 Horse Collar
24:31 Wheelbarrow
23:58 Fishing Lines
25:05 Stone Mining
25:10 Gold Mining
27:17 Stone Shaft Mining
27:01 Hand Cart
30:42 Imperial Age
29:26 Forging
29:08 Fletching
30:02 Bodkin Arrow
30:51 Scale Mail Armor
31:36 Forging
31:53 Arson
33:32 Chain Mail Armor
34:37 Iron Casting
35:16 Onager
38:00 Siege Engineers
43:18 Furor Celtica
44:06 Elite Woad Raider
BøM_Sheuu
4:08 Loom
12:49 Feudal Age
17:12 Castle Age
15:46 Double-Bit Axe
17:08 Scale Mail Armor
17:21 Champi Runner
20:27 Bow Saw
20:42 Arson
21:17 Forging
24:57 Pikeman
31:31 Horse Collar
32:50 Fletching
36:37 Gold Mining
42:10 Wheelbarrow
45:30 Imperial Age
44:09 Chain Mail Armor
pigpig_aoe
12:58 Feudal Age
14:22 Double-Bit Axe
17:11 Castle Age
15:19 Horse Collar
15:25 Loom
19:31 Wheelbarrow
19:07 Fervor
19:18 Bow Saw
24:07 Town Watch
27:30 Scale Mail Armor
27:49 Fletching
28:38 Squires
28:02 Pikeman
29:17 Chain Mail Armor
30:28 Bodkin Arrow
32:18 Ballistics
32:37 Wagenburg Tactics
32:40 Heavy Plow
33:43 Forging
34:52 Chemistry
37:48 Imperial Age
36:16 Iron Casting
36:52 Hand Cart
37:51 Elite Hussite Wagon
38:53 Conscription
38:40 Siege Engineers
39:38 Blast Furnace
39:09 Plate Mail Armor
38:39 Bracer
38:51 Masonry
39:46 Coinage
40:20 Two-Man Saw
38:53 Halberdier
40:42 Banking
40:23 Guilds
40:45 Murder Holes
41:35 Architecture
40:45 Treadmill Crane
eL| Barry_Allen
10:09 Loom
12:15 Feudal Age
13:23 Double-Bit Axe
13:23 Man-at-Arms
18:49 Fletching
25:33 Wheelbarrow
29:00 Castle Age
27:19 Arson
27:37 Scale Mail Armor
27:49 Gold Mining
28:22 Horse Collar
29:20 Forging
29:09 Long Swordsman
29:50 Squires
30:34 Bow Saw
31:16 Chain Mail Armor
33:05 Iron Casting
42:23 Imperial Age
40:10 Hand Cart
41:29 Gold Shaft Mining
40:45 Stone Mining
41:00 Heavy Plow
43:38 Plate Mail Armor
44:08 Blast Furnace
43:37 Conscription
45:32 Two-Man Saw
45:12 Stone Shaft Mining
44:41 Two-Handed Swordsman
45:30 Sitting Tiger
46:50 Chemistry
45:28 Champion
Ux'CachorritoDeLaCalle
7:27 Loom
12:42 Feudal Age
14:45 Double-Bit Axe
15:37 Forging
16:20 Domestication
22:54 Castle Age
21:21 Scale Barding Armor
22:14 Gold Mining
23:01 Light Cavalry
24:27 Husbandry
25:52 Iron Casting
27:22 Wheelbarrow
27:20 Chain Barding Armor
28:37 Pastoralism
28:46 Town Watch
31:49 Fletching
33:30 Hand Cart
33:35 Bow Saw
34:35 Bodkin Arrow
34:18 Heavy Cavalry Archer
40:05 Imperial Age
38:13 Ballistics
38:13 Stone Mining
38:41 Thumb Ring
40:13 Stone Shaft Mining
40:02 Padded Archer Armor
41:00 Bracer
42:03 Chemistry
41:21 Masonry
41:39 Parthian Tactics
42:41 Conscription
43:18 Leather Archer Armor
43:10 Treadmill Crane
44:20 Plate Barding Armor
45:01 Hussar
52:31 Transhumance
54:39 Siege Engineers
55:49 Ordo Cavalry
57:37 Two-Man Saw
Croccia
6:12 Loom
13:02 Feudal Age
16:36 Castle Age
14:44 Double-Bit Axe
17:56 Bow Saw
17:58 Town Watch
20:19 Wheelbarrow
20:44 Horse Collar
29:54 Imperial Age
30:17 Imperial Age
28:04 Hand Cart
27:53 Gold Mining
28:03 Heavy Plow
29:00 Fletching
30:04 Ballistics
30:25 Bodkin Arrow
30:53 Husbandry
31:03 Bloodlines
30:25 Elite Elephant Archer
31:29 Bracer
31:56 Padded Archer Armor
32:26 Conscription
31:56 Siege Elephant
34:16 Chemistry
34:57 Leather Archer Armor
35:48 Siege Engineers
39:34 Ring Archer Armor
43:02 Block Printing
43:23 Theocracy
43:13 Illumination
43:00 Fervor
43:11 Sanctity
43:14 Masonry
46:00 Scale Barding Armor
46:28 Onager
47:46 Redemption
48:16 Chain Barding Armor
50:00 Plate Barding Armor
49:36 Forging
53:02 Guard Tower
52:58 Arrowslits
55:05 Keep
ME_DEPRIME_JUGAR_CON_USTEDES
10:34 Feudal Age
15:36 Loom
16:41 Double-Bit Axe
21:59 Castle Age
19:52 Fishing Lines
20:03 Gold Mining
20:39 Scale Barding Armor
21:52 Forging
26:36 Chain Barding Armor
28:17 Bow Saw
30:27 Iron Casting
31:23 Horse Collar
33:35 Gold Shaft Mining
34:20 Scale Mail Armor
34:41 Heavy Plow
38:00 Imperial Age
35:20 Town Watch
35:57 Chain Mail Armor
35:49 Fletching
37:13 Chieftains
37:06 Man-at-Arms
38:12 Long Swordsman
39:37 Plate Mail Armor
40:09 Blast Furnace
38:45 Elite Berserk
39:46 Conscription
39:19 Gillnets
39:09 Two-Handed Swordsman
39:52 Squires
39:45 Arson
39:57 Gambesons
41:47 Champion
43:40 Capped Ram
47:08 Bogsveigar
47:28 Bodkin Arrow
47:33 Padded Archer Armor
49:54 Town Patrol
50:57 Two-Man Saw
50:27 Crop Rotation
49:49 Stone Mining
49:49 Siege Ram
51:59 Hoardings
50:47 Heavy Scorpion
52:58 Chemistry
52:43 Ballistics
54:49 Siege Engineers
56:21 Padded Archer Armor
56:03 Treadmill Crane
56:34 Masonry
56:36 Fortified Wall
Connection lost

Rejoining the realm…

Still unreachable

The connection could not be restored.

Session expired

The server has moved on; the page needs a fresh start.